 Dungeon Crawl Stone Soup version 0.30-a0-354-g6b83867211 (webtiles) character file.

Game seed: 3071374857467334374

49 avis the Chiller (level 3, 0/28 HPs)
             Began as a Demigod Ice Elementalist on Nov 7, 2022.
             Slain by Robin
             ... wielding a +3 whip of distortion
              (1 damage)
             ... on level 2 of the Dungeon on Nov 8, 2022.
             The game lasted 00:08:19 (1917 turns).

avis the Chiller (Demigod Ice Elementalist)         Turns: 1917, Time: 00:08:20

Health: 0/28       AC:  9    Str:  9    XL:     3   Next: 32%
Magic:  1/9        EV: 12    Int: 17    God:
Gold:   96         SH:  0    Dex: 18    Spells: 0/7 levels left

rFire   . . .      SeeInvis .    a - +2 dagger (venom)
rCold   . . .      Faith    .    (no shield)
rNeg    . . .      Spirit   .    n - +0 robe
rPois   .          Reflect  .    c - +0 helmet
rElec   .          Harm     .    (no cloak)
rCorr   .          Rampage  .    (no gloves)
Will    .....                    (no boots)
Stlth   ++........               (no amulet)
HPRegen 0.24/turn                (no ring)
MPRegen 0.11/turn                (no ring)

@: ice-armoured
A: high MP 1, forlorn, divine attributes
a: no special abilities


You were on level 2 of the Dungeon.
You visited 1 branch of the dungeon, and saw 2 of its levels.

You collected 96 gold pieces.

Inventory:

Hand Weapons
 a - a +2 dagger of venom (weapon)
Missiles
 l - 7 stones
Armour
 c - a +0 helmet (worn)
 f - a +0 cloak
 n - a +0 robe (worn)
Wands
 o - a wand of charming (7)
Scrolls
 d - a scroll of vulnerability {unknown}
 i - a scroll of enchant weapon {unknown}
 k - a scroll of brand weapon {unknown}
 m - a scroll of immolation {unknown}
 p - a scroll of amnesia {unknown}
 q - a scroll of teleportation {unknown}
Potions
 b - a potion of magic
 e - a potion of heal wounds {unknown}
 g - 2 potions of flight {unknown}
 h - a potion of curing {unknown}
 j - 2 potions of berserk rage {unknown}
 r - a potion of invisibility {unknown}


   Skills:
 - Level 1.0 Fighting
 - Level 1.7 Dodging
 - Level 1.7 Stealth
 - Level 2.5 Spellcasting
 * Level 4.2 Ice Magic


You couldn't memorise any spells.
You knew the following spells:

 Your Spells              Type           Power      Damage    Failure   Level
a - Freeze                Ice            64%        1d7       3%          1
o - Ozocubu's Armour      Ice            16%        N/A       10%         3
r - Frozen Ramparts       Ice            32%        1d5       10%         3

Your spell library contained the following spells:

 Spells                   Type           Power      Damage    Failure   Level
 Summon Ice Beast         Ice/Summ       9%         N/A       61%         4


Dungeon Overview and Level Annotations

Branches:
Dungeon (2/15)

Annotations:
D:2 exclusion: adder, Robin


Innate Abilities, Weirdness & Mutations

You have an increased reservoir of magic. (+10% MP)
You shall have no god before yourself.
Your divine heritage dramatically boosts your attributes as you level up.


Message History

The wall freezes Robin.
Robin hits you but does no damage.
You blink.
Your icy armour cracks and falls away as you move.
The frozen ramparts melt away as you move. 2 goblins come into view.
Casting: Frozen Ramparts (quite dangerous; 10% risk of failure)
Confirm with . or Enter, or press ? or * to list all spells.
The spell is quite dangerous to miscast (10% risk of failure)!
Continue anyway?
A film of ice covers your body!
Robin roars a battlecry!
The goblins go into a battle-frenzy!
You hit Robin.
Robin is heavily wounded.
The goblin closely misses you.
Robin hits you with a +3 whip of distortion.
You barely miss Robin.
Robin is heavily wounded.
Robin misses you. The goblin barely misses you.
Unknown command.
You hit Robin.
Robin is severely wounded.
The goblin hits you with a +0 dagger.
* * * LOW HITPOINT WARNING * * *
Robin closely misses you.
Unknown command.
You hit Robin.
Robin is severely wounded.
The goblin hits you with a +0 dagger.
* * * LOW HITPOINT WARNING * * *
Robin hits you but does no damage. Space warps around you.
* * * LOW HITPOINT WARNING * * *
Unknown command.
You hit Robin.
Robin is almost dead.
The goblin misses you. Robin hits you but does no damage.
Unknown command.
You hit Robin but do no damage.
Robin is almost dead.
The goblin hits you but does no damage. Robin hits you but does no damage.
Space warps around you.
You die... #.. .gg

#.# ... #.# #.#
#.# #g# #.# #g#
##.#####.# #g#
#..).....# #g#
#..####### #g#
#..# ######@##
#..# #....g..#
#..# #.####.##
#..# #.# ###
#<.######.##
#..........#####
#.#######.)..>.#
#.# ##.###.# #.#
#.# #.#


You could see Robin, a hobgoblin (strong) and 4 goblins.

Vanquished Creatures
  An adder (D:2)
  4 bats
  4 endoplasms
  5 giant cockroaches (D:1)
  7 goblins
  3 hobgoblins
  4 kobolds
  3 ball pythons
  2 frilled lizards
  2 rats
35 creatures vanquished.

Notes
Turn   | Place    | Note
-------+----------+-------------------------------------------
     0 | D:1      | avis the Demigod Ice Elementalist began the quest for the
                  | Orb.
     0 | D:1      | Reached XP level 1. HP: 14/14 MP: 5/5
   255 | D:1      | Reached skill level 1 in Fighting
   338 | D:1      | Reached XP level 2. HP: 17/23 MP: 0/7
   421 | D:1      | Reached skill level 4 in Ice Magic
  1410 | D:2      | Reached XP level 3. HP: 28/28 MP: 3/9
  1904 | D:2      | Learned a level 3 spell: Ozocubu's Armour
  1906 | D:2      | Identified the +1 helmet of Vuedaq {rPois}
  1906 | D:2      | Noticed Robin
  1908 | D:2      | Learned a level 3 spell: Frozen Ramparts
  1915 | D:2      | HP: 1/28 [Robin/+3 whip of distortion (4)]
  1917 | D:2      | Slain by Robin

Illustrated notes

Levels and vault maps discovered:
D:1:      dpeg_arrival_erosion, layout_basic, serial_park_tiny_pond,
          dk_noncrumbling_2, kennysheep_nondescript, minmay_worlds_worst_comb
D:2:      layout_loops_ring, uniq_robin, uniq_sigmund

Skill      XL: |  1  2 |
---------------+-------+-----
Fighting       | 1 |  1.0
Ice Magic      | 4 |  4.2
Spellcasting   | 2 |  2.5
Dodging        | |  1.7
Stealth        | |  1.7

Action                   || total
-------------------------++-------
Melee: Dagger            ||    26
 Cast: Freeze            ||    45
       Ozocubu's Armour  ||     2
       Frozen Ramparts   ||     1
 Stab: Sleeping          ||     3
Armor: Robe              ||    17
Dodge: Dodged            ||    30

Table legend: (Time is in decaauts)
 A = Elapsed time spent in this place.
 B = Non-inter-level travel time spent in this place.
 C = Inter-level travel time spent in this place.
 D = Time resting spent in this place.
 E = Time spent auto-exploring this place.
 F = Levels seen in this place.
 G = Mean time per level.
                   A        B        C        D        E       F      G
               +--------+--------+--------+--------+--------+-----+--------+
         Total |   1919 |   1533 |    386 |    279 |    865 |   2 |  959.5 |
       Dungeon |   1919 |   1533 |    386 |    279 |    865 |   2 |  959.5 |
               +--------+--------+--------+--------+--------+-----+--------+

Top non-repeatable levels by time:
     D:1: 1498 daAuts
     D:2: 420 daAuts
